 Dungeon Crawl Stone Soup version 0.25.1-2-g60ff931df9 (webtiles) character file.

Game seed: 10915112589290320221

21 GarryLv the Insei (level 2, -1/18 HPs)
             Began as an Octopode Transmuter on Oct 7, 2020.
             Slain by a jackal (2 damage)
             ... on level 3 of the Dungeon on Oct 27, 2020.
             The game lasted 00:03:23 (832 turns).

GarryLv the Insei (Octopode Transmuter)              Turns: 832, Time: 00:03:24

Health: -1/18      AC:  1    Str:  9    XL:     2   Next: 83%
Magic:  5/5        EV: 13    Int: 15    God:
Gold:   11         SH:  0    Dex: 12    Spells: 4/5 levels left

rFire    . . .     SeeInvis .     - Unarmed
rCold    . . .     Gourm    .   (no shield)
rNeg     . . .     Faith    .   (helmet restricted)
rPois    .         Spirit   .   (no amulet)
rElec    .         Reflect  .   (no ring)
rCorr    .         Harm     .   (no ring)
MR       .....                  (no ring)
Stlth    ++........             (no ring)
HPRegen  0.06/turn              (no ring)
MPRegen  0.09/turn              (no ring)
                                (no ring)
                                (no ring)

@: about to teleport
A: almost no armour, stealthy swim, amphibious, 8 rings, constrict 8, camouflage
1, gelatinous body 1
a: no special abilities


You were on level 3 of the Dungeon.
You were not hungry.

You visited 1 branch of the dungeon, and saw 3 of its levels.

You collected 11 gold pieces.

Inventory:

Missiles
 a - 12 arrows
Scrolls
 b - a scroll of remove curse
 d - a scroll of teleportation
 e - a scroll of fog {unknown}
Comestibles
 c - 2 rations


   Skills:
 + Level 1.0 Fighting
 + Level 2.2 Dodging
 + Level 0.2 Stealth
 + Level 3.4 Unarmed Combat
 + Level 2.3 Spellcasting
 + Level 2.1 Transmutations


You had 4 spell levels left.
You knew the following spells:

 Your Spells              Type           Power        Failure   Level  Hunger
a - Beastly Appendage     Tmut           #.....       9%          1    #......

Your spell library contained the following spells:

 Spells                   Type           Power        Failure   Level  Hunger
 Sticks to Snakes         Tmut           #.......     14%         2    ###....
 Spider Form              Tmut/Pois      #.........   38%         3    ###....
 Ice Form                 Ice/Tmut       #.......     80%         4    #####..
 Blade Hands              Tmut           #.........   94%         5    ######.


Dungeon Overview and Level Annotations

Branches:
Dungeon (3/15)

Altars:

Annotations:
D:2 Robin


Innate Abilities, Weirdness & Mutations

You cannot wear most types of armour.
You are very stealthy in the water. (Stealth+)
You are amphibious.
You can wear up to eight rings at the same time.
You can use your tentacles to constrict eight enemies at once.
Your skin changes colour to match your surroundings (Stealth+).
Your rubbery body absorbs attacks. (AC +1, EV +1)


Message History

The jackal closely misses you.
A hobgoblin comes into view. It is wielding a +0 club.
The jackal closely misses you. x2
You barely miss the jackal.
The hobgoblin shouts!
You grab the jackal. You squeeze the jackal.
The jackal is heavily wounded.
You constrict the jackal. The jackal barely misses you. x2
You tentacle-slap the jackal.
You kill the jackal!
The jackal bites you.
* * * LOW HITPOINT WARNING * * *
The jackal closely misses you. The jackal barely misses you.
The jackal bites you.
* * * LOW HITPOINT WARNING * * *
As you read the scroll labeled REQUTEN BAO, it crumbles to dust.
You feel strangely unstable.
It was a scroll of teleportation.
The jackal bites you.
You die...

#..# #..# ##..##
#..#
#..<.#####..###
#.......##g...#
#..####.)..####
#.. ####J##
#.########..###..#
.. .......h......#
#..
.......@####...
#.. ........# .
.........
#####..#.. ##. ...
## .... .....
......


You could see an ooze, a jackal and a hobgoblin.

Vanquished Creatures
  2 bats (D:1)
  2 giant cockroaches (D:1)
  5 goblins
  2 hobgoblins (D:1)
  A jackal (D:3)
  A frilled lizard (D:1)
  3 kobolds
  2 rats
  3 plants (D:1)
21 creatures vanquished.

Notes
Turn   | Place    | Note
-------+----------+-------------------------------------------
     0 | D:1      | GarryLv the Octopode Transmuter began the quest for the
                  | Orb.
     0 | D:1      | Reached XP level 1. HP: 13/13 MP: 3/3
   267 | D:1      | Reached XP level 2. HP: 11/18 MP: 5/5
   779 | D:2      | Noticed Robin
   832 | D:3      | Slain by a jackal

Illustrated notes

Levels and vault maps discovered:
D:1:      scummos_arrival_star, layout_rooms, chequers_serial_rivers_marsh,
          serial_bayou_pond_a, nrook_mini_vaults
D:2:      layout_basic, okawaru_metal_pillars_1_2, uniq_jessica, uniq_terence,
          uniq_robin
D:3:      layout_rooms, tgw_sif, nicolae_gozag_seed_capital

Action                   || total
-------------------------++-------
Melee: Unarmed           ||   108
       Constrict         ||    17
       Tentacles         ||    21
       Kick              ||     6
       Punch             ||     4
 Cast: Beastly Appendage ||     9
  Use: Scroll            ||     2
       Potion            ||     2
 Stab: Sleeping          ||     1
Armor: Skin              ||    11
Dodge: Dodged            ||    52
